AoeStats
← OmarGutieG

Arabia

504440852Analyzed
2v2 RM · 27d ago on Sep 5, 2026· 44m 59s· 4 players
Game mode
Random Map
Map size
Medium (4 player)
Population
200
Speed
Normal
Resources
Standard
Victory
Conquest
Starting age
Dark Age
Ending age
Imperial Age
RankedLock teamsTeams togetherTeam positionsShared explorationLock speedFull tech treeHidden civsTurbo modeCheats
Victory
Defeat
🇲🇽 Magyars · Mexico
1277
+16
🇲🇽 Ethiopians · Mexico
1259
+17
🇪🇸 Persians · Spain
1341
-20
🇪🇸 Mapuche · Spain
1202
-13
armigame1
6:48 Loom
9:12 Feudal Age
22:39 Castle Age
22:24 Bloodlines
22:22 Scale Barding Armor
22:22 Gold Mining
22:21 Double-Bit Axe
25:31 Gold Shaft Mining
27:45 Bow Saw
28:11 Horse Collar
30:45 Husbandry
31:33 Chain Barding Armor
33:06 Stone Mining
35:46 Wheelbarrow
40:22 Imperial Age
40:30 Cavalier
41:49 Plate Barding Armor
43:51 Chemistry
OmarGutieG
7:17 Loom
9:15 Feudal Age
12:51 Fletching
17:34 Double-Bit Axe
18:12 Padded Archer Armor
22:21 Castle Age
23:01 Gold Mining
22:33 Crossbowman
23:09 Bodkin Arrow
24:19 Leather Archer Armor
25:23 Bow Saw
28:00 Wheelbarrow
27:08 Horse Collar
28:50 Ballistics
30:26 Thumb Ring
32:59 Hand Cart
35:23 Heavy Plow
39:38 Gold Shaft Mining
42:37 Imperial Age
42:42 Arbalester
43:28 Bracer
43:59 Ring Archer Armor
44:20 Town Watch
45:09 Conscription
45:59 Chemistry
ryzenvelos
4:38 Loom
9:20 Feudal Age
17:49 Horse Collar
25:27 Castle Age
24:18 Gold Mining
24:45 Double-Bit Axe
26:13 Bloodlines
27:13 Wheelbarrow
27:55 Scale Barding Armor
28:12 Heavy Plow
30:29 Bow Saw
31:15 Chain Barding Armor
33:29 Forging
42:59 Iron Casting
[EmPut] LucioCornelio
6:57 Loom
9:20 Feudal Age
10:21 Double-Bit Axe
14:50 Fletching
15:01 Padded Archer Armor
23:30 Castle Age
22:42 Horse Collar
24:17 Bodkin Arrow
24:23 Gold Mining
25:07 Leather Archer Armor
38:01 Wheelbarrow
38:24 Ballistics
41:43 Malon
Connection lost

Rejoining the realm…

Still unreachable

The connection could not be restored.

Session expired

The server has moved on; the page needs a fresh start.